 Dungeon Crawl Stone Soup version 0.19.5 (webtiles) character file.

505 Hordtkhen the Shield-Bearer (level 6, -1/56 HPs)
             Began as a Minotaur Fighter on Apr 15, 2017.
             Killed by nerve-wracking pain
             ... invoked by an orc priest
              (4 damage)
             ... on level 4 of the Dungeon.
             The game lasted 00:17:52 (2274 turns).

Hordtkhen the Shield-Bearer (Minotaur Fighter)      Turns: 2274, Time: 00:17:52

Health: -1/56      AC: 19    Str: 20    XL:     6   Next: 96%
Magic:  5/5        EV: 11    Int:  5    God:
Gold:   190        SH:  0    Dex: 17    Spells: 0 memorised, 5 levels left

rFire  . . .     SeeInvis .     v - +2 quarterstaff (chaos)
rCold  . . .     Gourm    .     o - +2 plate armour
rNeg   . . .     Faith    .     (shield currently unavailable)
rPois  .         Spirit   .     (helmet restricted)
rElec  .         Reflect  .     b - +2 cloak {+Inv}
rCorr  .         Harm     .     (no gloves)
MR     .....                    s - +0 pair of boots
Stlth  ..........               (no amulet)
                                (no ring)
                                (no ring)

@: agile, slowed, very slow
A: retaliatory headbutt, horns 2
a: Evoke Invisibility


You were on level 4 of the Dungeon.
You were hungry.

You visited 1 branch of the dungeon, and saw 4 of its levels.

You collected 190 gold pieces.

Inventory:

Hand Weapons
 a - a +0 trident
 d - a +0 scythe
 u - a -2 dagger
 v - a +2 quarterstaff of chaos (weapon)
 x - a +0 mace
Missiles
 y - 23 arrows
 B - 2 javelins of returning (quivered)
Armour
 b - a +2 cloak of invisibility (worn)
 c - a +0 shield
 h - a +2 hat
 o - a +2 plate armour (worn)
 s - a +0 pair of boots (worn)
 t - a +2 robe of positive energy
 w - a +0 cloak
Scrolls
 e - a scroll of remove curse
 g - 2 scrolls of teleportation {unknown}
 i - a scroll of enchant weapon {unknown}
 k - a scroll of random uselessness {unknown}
 l - a scroll of fear {unknown}
 m - a scroll of recharging {unknown}
 p - a scroll of amnesia
 r - 2 scrolls of magic mapping {unknown}
Potions
 q - a potion of experience {unknown}
 A - 3 potions of haste {unknown}
Books
 C - a book of Minor Magic

   Spells                             Type                      Level
   a - Magic Dart                     Conjuration                  1
   b - Blink                          Translocation                2
   c - Call Imp                       Summoning                    2
   d - Repel Missiles                 Charms/Air                   2
   e - Slow                           Hexes                        2
   f - Conjure Flame                  Conjuration/Fire             3
   g - Mephitic Cloud                 Conjuration/Poison/Air       3
Comestibles
 f - 5 bread rations
 n - 5 meat rations
 z - a chunk of flesh


   Skills:
 + Level 5.0 Fighting
 + Level 5.1(5.3) Polearms
 + Level 1.7(3.7) Staves
 + Level 5.6 Armour
 + Level 0.1 Stealth
 + Level 5.7 Shields


You had 5 spell levels left.
You didn't know any spells.

Dungeon Overview and Level Annotations

Branches:
Dungeon (4/15)
 Temple: D:4-7

Altars:


Innate Abilities, Weirdness & Mutations

You reflexively headbutt those who attack you in melee.
You have a pair of horns on your head.


Message History

The magic dart hits you!
* * * LOW HITPOINT WARNING * * *
The orc wizard hits you but does no damage.
The orc wizard gestures at you while chanting.
You feel yourself slow down.
You miss the orc wizard.
You headbutt the orc wizard, but do no damage.
The orc wizard is severely wounded.
The orc wizard hits you with a dagger.
* * * LOW HITPOINT WARNING * * *
The orc hits you but does no damage.
The orc wizard hits you but does no damage.
The orc priest miscasts a cantrip.
The orc barely misses you. You furiously retaliate!
You headbutt the orc!
You kill the orc!
The orc wizard gestures wildly while chanting.
The orc wizard blinks!
The orc priest calls down the wrath of Beogh upon you.
Pain shoots through your body!
You die...

## #.......##⌠...⌠#
#####..####...##
########.####...#
...........##...##
########.###8...8#
##########..###o..##
.............)o§..#
###########.###.#####
#.....@...#
#.######### ###


You could see an orc priest and an orc wizard.

Vanquished Creatures
  Sigmund (D:3)
  The ghost of Hordtkhen the Shield-Bearer, an amateur MiFi (D:3)
  A hound (D:4)
  A centaur skeleton (D:4)
  Crazy Yiuf (D:3)
  A worker ant (D:4)
  A hound skeleton (D:4)
  3 gnolls
  2 adders
  An ooze (D:3)
  An adder skeleton (D:4)
  4 worms
  A dart slug (D:1)
  3 leopard geckos
  6 orcs
  3 bats
  4 giant cockroaches
  5 goblins
  7 hobgoblins
  3 jackals (D:3)
  9 kobolds
  A ball python (D:4)
  4 frilled lizards
  A jackal skeleton (D:4)
  8 rats
73 creatures vanquished.

Notes
Turn   | Place    | Note
-------+----------+-------------------------------------------
     0 | D:1      | Hordtkhen the Minotaur Fighter began the quest for the Orb.
     0 | D:1      | Reached XP level 1. HP: 19/19 MP: 0/0
   156 | D:1      | Reached XP level 2. HP: 27/27 MP: 1/1
   478 | D:2      | Reached XP level 3. HP: 29/33 MP: 2/2
   864 | D:3      | Noticed Sigmund
   952 | D:2      | Reached XP level 4. HP: 14/40 MP: 3/3
  1165 | D:3      | Killed Sigmund
  1165 | D:3      | Reached skill level 5 in Armour
  1165 | D:3      | Reached skill level 5 in Shields
  1165 | D:3      | Reached XP level 5. HP: 43/47 MP: 4/4
  1258 | D:3      | Found a runed door.
  1262 | D:3      | Noticed Crazy Yiuf
  1268 | D:3      | Paralysed by Crazy Yiuf for 5 turns
  1276 | D:3      | Killed Crazy Yiuf
  1276 | D:3      | Reached XP level 6. HP: 37/53 MP: 2/5
  1472 | D:3      | Noticed Hordtkhen's ghost (amateur MiFi)
  1497 | D:3      | Killed Hordtkhen's ghost
  1517 | D:3      | Reached skill level 5 in Polearms
  2087 | D:4      | Reached skill level 5 in Fighting
  2106 | D:4      | Reached skill level 1 in Staves
  2251 | D:4      | HP: 2/56 [orc priest/divine providence (12)]
  2274 | D:4      | Killed from afar by an orc priest

Skill      XL: |  1  2  3  4  5  6 |
---------------+-------------------+-----
Armour         | 4 5 |  5.6
Fighting       | 4 5 |  5.0
Shields        | 4 5 |  5.7
Polearms       | 3 4 5 |  5.1
Staves         | 1 |  1.7
Stealth        | |  0.1

Action                   |  1- 3 |  4- 6 || total
-------------------------+-------+-------++-------
Melee: Trident           |   113 |    30 ||   143
       Headbutt          |    15 |    19 ||    34
       Quarterstaff      |       |    68 ||    68
  Use: Potion            |       |     3 ||     3
       Scroll            |       |     6 ||     6
 Stab: Paralysed         |       |     1 ||     1
  Eat: Chunk             |       |     4 ||     4
Armor: Scale mail        |     6 |       ||     6
       Plate armour      |    65 |    65 ||   130
Dodge: Dodged            |    23 |    40 ||    63
Block: Shield            |    62 |    16 ||    78
